 Dungeon Crawl Stone Soup version 0.26.1-10-gdfb7c7de75 (webtiles) character file.

Game seed: 12231156344190735642

23464 phalm the Blocker (level 13, -6/82 HPs)
             Began as a Gargoyle Fighter on Apr 10, 2021.
             Was the Champion of Okawaru.
             Mangled by Rupert
             ... wielding a +4 battleaxe of freezing
              (7 damage)
             ... on level 2 of the Lair of Beasts.
             The game lasted 00:35:41 (15276 turns).

phalm the Blocker (Gargoyle Fighter)               Turns: 15276, Time: 00:35:42

Health: -6/82      AC: 29    Str: 25    XL:     13   Next: 6%
Magic:  27/27      EV: 11    Int:  9    God:    Okawaru [******]
Gold:   982        SH: 13    Dex:  9    Spells: 12/12 levels left

rFire    + . .     SeeInvis +   b - +3 whip (elec)
rCold    + . .     Faith    .   c - +0 kite shield
rNeg     + + +     Spirit   .   J - +1 plate armour {rC+}
rPois    ∞         Reflect  .   y - +0 helmet
rElec    +         Harm     .   e - +0 cloak
rCorr    .         Rampage  .   (no gloves)
Will     .....                  E - +0 pair of boots
Stlth    ..........             (no amulet)
HPRegen  0.23/turn              B - +4 ring of evasion
MPRegen  0.20/turn              Q - ring "Oleyleth" {rElec rF+ rN++ MP+9 SInv}

@: no status effects
A: negative energy resistance 1, electricity resistance, unbreathing,
petrification resistance, miasma immunity, AC +9
a: Renounce Religion, Heroism, Finesse


You were on level 2 of the Lair of Beasts.
You worshipped Okawaru.
Okawaru was exalted by your worship.
You visited 3 branches of the dungeon, and saw 17 of its levels.

You collected 1038 gold pieces.
You spent 56 gold pieces at shops.

Inventory:

Hand Weapons
 a - a +4 flail
 b - a +3 whip of electrocution (weapon)
Missiles
 L - 4 curare-tipped darts (quivered)
Armour
 c - a +0 kite shield (worn)
 e - a +0 cloak (worn)
 y - a +0 helmet (worn)
 E - a +0 pair of boots (worn)
 J - a +1 plate armour of cold resistance (worn)
Jewellery
 A - an uncursed ring of ice
 B - a +4 ring of evasion (left hand)
 D - an uncursed ring of ice
 N - an uncursed ring of fire
 Q - the ring "Oleyleth" (right hand) {rElec rF+ rN++ MP+9 SInv}
   (You found it on level 1 of the Lair of Beasts)

   [ring of magical power]

   It protects you from fire.
   It insulates you from electricity.
   It greatly protects you from negative energy.
   It affects your magic capacity (+9).
   It lets you see invisible.
Wands
 k - a wand of digging (5)
 p - a wand of random effects (17)
 s - a wand of paralysis (7)
 G - a wand of polymorph (35)
 H - a wand of flame (56)
 O - a wand of acid (6)
Scrolls
 f - 5 scrolls of fog
 h - a scroll of immolation {unknown}
 j - 10 scrolls of teleportation
 m - 5 scrolls of magic mapping
 n - 3 scrolls of fear
 o - 8 scrolls of remove curse
 x - 6 scrolls of blinking
Potions
 d - 6 potions of might
 i - 5 potions of curing
 l - a potion of magic {unknown}
 t - 2 potions of heal wounds
 u - a potion of flight {unknown}
 w - 2 potions of lignification
 z - 2 potions of invisibility
 C - 2 potions of berserk rage
 F - 3 potions of ambrosia
Miscellaneous
 r - a lightning rod (4/4)


   Skills:
 + Level 9.8 Fighting
 * Level 11.8 Maces & Flails
 + Level 9.8 Armour
 * Level 13.0 Shields
 + Level 7.8 Invocations


You had 12 spell levels left.
You didn't know any spells.
Your spell library contained the following spells:

 Spells                   Type           Power        Failure   Level
 Animate Skeleton         Necr           0%           99%         1
 Corona                   Hex            0%           99%         1
 Pain                     Necr           0%           99%         1
 Sting                    Tmut/Pois      0%           99%         1
 Poisonous Vapours        Pois/Air       0%           100%        2
 Slow                     Hex            0%           100%        2
 Conjure Flame            Conj/Fire      0%           100%        3
 Ignite Poison            Fire/Tmut/Pois 0%           100%        3
 Inner Flame              Hex/Fire       0%           100%        3
 Mephitic Cloud           Conj/Pois/Air  0%           100%        3
 Portal Projectile        Hex/Tloc       0%           100%        3
 Vampiric Draining        Necr           0%           100%        3
 Animate Dead             Necr           0%           100%        4
 Cause Fear               Hex            0%           100%        4
 Leda's Liquefaction      Hex/Erth       0%           100%        4
 Olgreb's Toxic Radiance  Pois           0%           100%        4
 Agony                    Necr           0%           100%        5
 Freezing Cloud           Conj/Ice/Air   0%           100%        6


Dungeon Overview and Level Annotations

Branches:
Dungeon (13/15)            Temple (1/1) D:7            Lair (3/6) D:8
 Spider (0/4) Lair:2          Orc (0/2) D:9
  Swamp: Lair:2-4    Shoals: Lair:2-4    Vaults: D:13-14

Altars:
Ashenzari
Cheibriados
Dithmenos
Elyvilon
Fedhas
Gozag
Hepliaklqana
Kikubaaqudgha
Makhleb
Nemelex Xobeh
Okawaru
Qazlal
Ru
Sif Muna
Trog
Uskayaw
Vehumet
Wu Jian
Xom
Yredelemnul
Zin
The Shining One

Shops:
D:7 (   D:8 ?

Annotations:
Lair:2 Rupert


Innate Abilities, Weirdness & Mutations

You are resistant to torment.
Your stone body is resilient. (AC +9)
You are immune to poison.
You resist negative energy. (rN+)
You are resistant to electric shocks. (rElec)
You can survive without breathing.
You are immune to petrification.
You are immune to miasma.


Message History

* * * LOW HITPOINT WARNING * * *
The blink frog blinks!
You feel much better.
Rupert hits you with a +4 battleaxe of freezing!
Rupert freezes you.
Your plate armour prevents you from hitting Rupert.
Rupert is severely wounded.
Rupert closely misses you.
As you read the scroll of fear, it crumbles to dust.
You assume a fearsome visage.
The blink frog looks frightened!
The blink frog blinks!
Rupert closely misses you.
Your shield prevents you from hitting Rupert.
Rupert is severely wounded.
The blink frog blinks!
You hit Rupert.
Rupert is severely wounded.
Rupert hits you with a +4 battleaxe of freezing!!
* * * LOW HITPOINT WARNING * * *
Rupert freezes you!
You die...

..............................###
.......#......................##.
....####.........................
.#.#####......................###
....#.###................#..### #
.....###P....##.§.#PP....#### #
............####.....§...# #
............####.........## #
............##P#@.[..###..# #
................@.######.## #
.............##....# #..### #
......#.....####...## ##.#.#
........#.### #....####..##
.P##..#.P.# ##.........#####
..........# #........).P#P###
..........## #.........(.....#
..÷........##########...........#


You could see Rupert (berserk).

Vanquished Creatures
  2 hydras
  A centaur warrior (D:7)
  A manticore (D:13)
  2 cyclopes (D:11)
  A deep elf mage (D:12)
  2 black mambas (Lair:2)
  Joseph (D:7)
  Maurice (D:8)
  8 komodo dragons
  4 cane toads
  A rime drake (Lair:1)
  A freezing wraith (D:12)
  4 trolls
  Grinder (D:4)
  A vampire (D:10)
  A tarantella (Lair:2)
  2 humans (D:10)
  31 yaks
  2 basilisks (Lair:2)
  Grum (Lair:1)
  A soldier ant (D:12)
  Duvessa (D:7)
  2 acid dragons (D:11)
  5 water moccasins
  4 orc warriors
  2 necrophages
  3 black bears
  2 ice beasts
  3 sky beasts
  2 eyes of draining (D:6)
  3 phantoms
  5 ogres
  6 wolves
  5 centaurs
  2 big kobolds
  10 bullfrogs
  A wyvern zombie (D:11)
  Dowan (D:7)
  A wyvern skeleton (D:11)
  5 scorpions
  10 killer bees
  12 wights
  5 electric eels
  A howler monkey (D:5)
  4 bullfrog zombies
  A quasit (D:10)
  3 hounds
  4 jellies
  4 orc priests
  5 centaur skeletons
  10 orc wizards
  3 bullfrog skeletons
  2 iguanas
  6 worker ants
  A hound zombie (D:6)
  2 hound skeletons
  A gnoll (D:6)
  11 adders
  4 shadow imps
  3 ufetubi
  An ooze (D:6)
  4 adder skeletons
  An adder zombie (D:7)
  2 worms (D:2)
  2 dart slugs (D:1)
  3 leopard geckos
  39 orcs
  5 giant cockroaches
  11 goblins
  4 hobgoblins
  4 jackals (D:5)
  14 kobolds
  2 quokkas
  A ball python (D:4)
  6 bats
  4 frilled lizards
  4 quokka skeletons
  2 quokka zombies
  7 rats
340 creatures vanquished.

Vanquished Creatures (others)
  3 fungi (Lair:2)
  30 plants
33 creatures vanquished.

Grand Total: 373 creatures vanquished

Notes
Turn   | Place    | Note
-------+----------+-------------------------------------------
     0 | D:1      | phalm the Gargoyle Fighter began the quest for the Orb.
     0 | D:1      | Reached XP level 1. HP: 14/14 MP: 1/1
   194 | D:1      | Reached XP level 2. HP: 19/19 MP: 2/2
   821 | D:1      | Reached XP level 3. HP: 22/23 MP: 3/3
  1502 | D:2      | Reached skill level 4 in Shields
  1688 | D:2      | Reached XP level 4. HP: 29/29 MP: 4/4
  2166 | D:3      | Reached XP level 5. HP: 33/33 MP: 5/5
  2686 | D:3      | Found a basalt altar of Yredelemnul.
  2692 | D:3      | Found a blossoming altar of Fedhas.
  2697 | D:3      | Found a hide-covered altar of Uskayaw.
  2881 | D:3      | You fall into a shaft and drop 2 floors!
  2881 | D:5      | Entered Level 5 of the Dungeon
  2885 | D:4      | Noticed Grinder
  2888 | D:4      | Paralysed by Grinder for 5 turns
  2908 | D:4      | Killed Grinder
  2909 | D:4      | Reached skill level 5 in Shields
  2909 | D:4      | Reached XP level 6. HP: 25/39 MP: 6/6
  3427 | D:3      | Reached XP level 7. HP: 44/44 MP: 7/7
  4148 | D:5      | Reached skill level 6 in Shields
  4273 | D:5      | Got a slimy leather armour
  4402 | D:5      | Reached skill level 5 in Maces & Flails
  4457 | D:5      | Reached skill level 5 in Fighting
  4457 | D:5      | Reached skill level 5 in Armour
  4944 | D:6      | Reached XP level 8. HP: 49/49 MP: 8/8
  5356 | D:6      | Found a glowing silver altar of Zin.
  5356 | D:6      | Found an opulent altar of Gozag.
  5398 | D:6      | Found a bloodstained altar of Trog.
  5427 | D:6      | Reached skill level 7 in Shields
  5559 | D:6      | Found a stormy altar of Qazlal.
  5832 | D:7      | Found a staircase to the Ecumenical Temple.
  5839 | Temple   | Entered the Ecumenical Temple
  5928 | Temple   | Became a worshipper of Warmaster Okawaru
  6014 | D:7      | Reached XP level 9. HP: 29/55 MP: 9/9
  6022 | D:7      | Reached skill level 1 in Invocations
  6027 | D:7      | Reached skill level 8 in Shields
  6314 | D:7      | Found Bidecw's Antique Weapon Boutique.
  6363 | D:7      | Noticed Dowan
  6364 | D:7      | Noticed Duvessa
  6395 | D:7      | Killed Duvessa
  6399 | D:7      | Killed Dowan
  6438 | D:7      | Noticed Joseph
  6457 | D:7      | Killed Joseph
  6457 | D:7      | Reached * piety under Okawaru
  6633 | D:7      | Noticed a centaur warrior
  6653 | D:7      | Killed a centaur warrior
  6653 | D:7      | Reached ** piety under Okawaru
  6654 | D:7      | Reached skill level 9 in Shields
  7116 | D:7      | Reached XP level 10. HP: 61/61 MP: 12/12
  7392 | D:8      | Noticed Maurice
  7431 | D:8      | Killed Maurice
  7431 | D:8      | Reached *** piety under Okawaru
  7752 | D:8      | Identified the +1 leather armour of the Pure Beasts {rF-
                  | Int+3 Dex+2} (You found it on level 5 of the Dungeon)
  7803 | D:8      | Found Ledghedyo's Magic Scroll Boutique.
  7806 | D:8      | Bought a scroll of identify for 28 gold pieces
  7806 | D:8      | Bought a scroll of identify for 28 gold pieces
  7962 | D:8      | Found a staircase to the Lair.
  8131 | D:9      | Found a blossoming altar of Fedhas.
  8192 | D:9      | Found a sparkling altar of Nemelex Xobeh.
  8225 | D:9      | Reached skill level 10 in Shields
  8252 | D:9      | Found a snail-covered altar of Cheibriados.
  8253 | D:9      | Found a staircase to the Orcish Mines.
  8509 | D:10     | Entered Level 10 of the Dungeon
  8515 | D:10     | Reached **** piety under Okawaru
  8561 | D:10     | You fall into a shaft and drop 3 floors!
  8584 | D:13     | Noticed a manticore
  8597 | D:13     | Killed a manticore
  8693 | D:12     | Noticed a cyclops
  8815 | D:11     | Noticed a cyclops
  8828 | D:11     | Killed a cyclops
  8829 | D:11     | Reached XP level 11. HP: 68/68 MP: 14/14
  8857 | D:10     | Reached skill level 5 in Invocations
  9129 | D:10     | Reached ***** piety under Okawaru
  9222 | D:10     | Found an iron altar of Okawaru.
  9415 | D:10     | Reached skill level 11 in Shields
 10596 | D:11     | Reached skill level 10 in Maces & Flails
 11113 | D:11     | Found a blossoming altar of Fedhas.
 11427 | D:12     | Noticed a deep elf mage
 11811 | D:11     | Killed a cyclops
 11858 | D:12     | Killed a deep elf mage
 11939 | D:12     | Received a gift from Okawaru
 12544 | Lair:1   | Entered Level 1 of the Lair of Beasts
 12564 | D:8      | Reached XP level 12. HP: 72/75 MP: 16/16
 12630 | Lair:1   | Noticed Grum
 12748 | D:8      | Received a gift from Okawaru
 12824 | Lair:1   | Killed Grum
 12894 | D:8      | Reached skill level 12 in Shields
 13372 | Lair:1   | Got a pitted glass ring
 13493 | Lair:1   | Got a dazzling helmet
 13504 | Lair:1   | Identified the +1 helmet of Lugonu's Favour {Rampage rPois
                  | rC- Dex-2} (You found it on level 1 of the Lair of Beasts)
 13515 | Lair:1   | Identified the ring "Oleyleth" {rElec rF+ rN++ MP+9 SInv}
                  | (You found it on level 1 of the Lair of Beasts)
 13803 | Lair:2   | Noticed a six-headed hydra
 13818 | Lair:1   | Killed a six-headed hydra
 13823 | Lair:1   | Reached ****** piety under Okawaru
 13973 | Lair:2   | Received a gift from Okawaru
 14050 | Lair:2   | Found a hole to the Spider Nest.
 14711 | Lair:2   | Noticed an eight-headed hydra
 14724 | Lair:2   | Killed an eight-headed hydra
 14890 | Lair:2   | Reached XP level 13. HP: 79/81 MP: 18/18
 14904 | Lair:2   | Reached skill level 13 in Shields
 15235 | Lair:3   | Noticed Rupert
 15276 | Lair:2   | HP: 1/82 [Rupert/+4 battleaxe of freezing (28)]
 15276 | Lair:2   | Mangled by Rupert

Illustrated notes

Levels and vault maps discovered:
D:1:      dpeg_cavernosity, layout_basic
D:2:      layout_loops_ring
D:3:      layout_loops_cross, minmay_overflow_temple_star_quad,
          minmay_door_square
D:4:      layout_basic, uniq_grinder
D:5:      layout_basic
D:6:      layout_rooms, grunt_temple_overflow_gold_and_silver,
          trog_eyes_of_draining, grunt_qazlal_sundering
D:7:      kennysheep_big_flooded_room, layout_basic,
          minmay_temple_entry_enclosed_plants, serial_shops, shop, uniq_joseph,
          uniq_duvessa
D:8:      layout_rooms, david_lair_shrubbed, serial_shops,
          nicolae_shop_window_shopping, uniq_maurice
D:9:      layout_rooms, overflow_temple_1_default, kennysheep_mini_moat,
          orc_0_dummy, basic_altar
D:10:     layout_basic, hangedman_decor_clover_reticule, okawaru_humans
D:11:     layout_stronghold, nicolae_two_hexagons, fedhas_altar_4
D:12:     layout_cave_pools
D:13:     layout_cave_pods, david_vaults_4, hangedman_abyss_or_decor_stabs,
          the_bakery
Temple:   zaba_magenta_temple
Lair:1:   layout_cave_shapes, uniq_grum
Lair:2:   layout_gridlike, spider_nest_entry_rubble
Lair:3:   layout_hall_layers, nicolae_swamp_entry_splash_gauntlet,
          infiniplex_staircase_pool_2, grunt_megastairs_2, lemuel_fruit_fields,
          uniq_rupert

Skill      XL: |  1  2  3  4  5  6  7  8  9 10 11 12 13 |
---------------+----------------------------------------+-----
Shields        | 4 5 6 7 9 10 11 12 13 | 13.0
Maces & Flails | 3 4 5 6 7 9 10 11 | 11.8
Fighting       | 4 5 6 7 8 9 |  9.8
Armour         | 4 5 6 7 8 9 |  9.8
Invocations    | 3 4 6 7 |  7.8

Action                   |  1- 3 |  4- 6 |  7- 9 | 10-12 | 13-15 || total
-------------------------+-------+-------+-------+-------+-------++-------
Melee: Flail             |    45 |       |       |       |       ||    45
       Whip              |    73 |   102 |    61 |   970 |    65 ||  1271
       Mace              |       |       |   317 |     4 |       ||   321
Throw: Dart              |       |       |       |     4 |       ||     4
Invok: Heroism           |       |       |       |     1 |       ||     1
       Finesse           |       |       |       |     1 |       ||     1
Evoke: Wand              |       |       |     1 |    18 |     1 ||    20
  Use: Potion            |       |       |     1 |       |     1 ||     2
       Scroll            |       |       |       |    17 |     1 ||    18
Armor: Scale mail        |    41 |     1 |       |       |       ||    42
       Chain mail        |       |    51 |   215 |    33 |       ||   299
       Plate armour      |       |       |       |   297 |    16 ||   313
Dodge: Dodged            |    20 |    20 |   150 |   206 |    10 ||   406
Block: Kite shield       |    53 |    37 |   247 |   441 |    27 ||   805
